3AAA
AUGUSTA TIMBER HAWKS @ SIOUX FALLS RED PANDAS
07/14/2029
 
TOP OF THE 1ST
Augusta Timber Hawks batting - Pitching for Sioux Falls Red Pandas : RHP Juan Montoya
Pitching: RHP Juan Montoya
Batting: RHB Kenny Fleming 0-0: Fly out, F8 (Flyball, 8RD)
Batting: SHB Adrián Zamudio 0-0: Ball
1-0: Swinging Strike
1-1: Ball
2-1: Called Strike
2-2: Foul Ball, location: 2F
2-2: Strikes out swinging
Batting: LHB Juan Gabriel 0-0: Called Strike
0-1: Foul Ball, location: 2F
0-2: Ball
1-2: Ball
2-2: Fly out, F8 (Flyball, 8LD)
Top of the 1st over - 0 runs, 0 hits, 0 errors, 0 left on base; Augusta 0 - Sioux Falls 0
BOTTOM OF THE 1ST
Sioux Falls Red Pandas batting - Pitching for Augusta Timber Hawks : RHP Georg von Trapp
Pitching: RHP Georg von Trapp
Batting: LHB José Ortega 0-0: Ground out 5-3 (Groundball, 56)
Batting: RHB José Cruz 0-0: Foul Ball, location: 2F
0-1: Foul Ball, location: 2F
0-2: Ball
1-2: Ball
2-2: Ball
3-2: SINGLE (Groundball, 23) (infield hit)
Batting: LHB Fa-tang Wang 0-0: Ball
1-0: Foul Ball, location: 2F
1-1: Ball
2-1: Fly out, F8 (Flyball, 78M)
Batting: LHB Magali Lenidas 0-0: Ball
1-0: Foul Ball, location: 2F
1-1: Ball
2-1: Foul Ball, location: 2F
2-2: Ball
3-2: SINGLE (Groundball, 4MD)
José Cruz to second
José Cruz to third
Batting: LHB John Brewer 0-0: Ball
1-0: Ball
2-0: Foul Ball, location: 2F
2-1: Foul Ball, location: 2F
2-2: Ball
3-2: Foul Ball, location: 2F
3-2: Fly out, F7 (Flyball, 78D)
Bottom of the 1st over - 0 runs, 2 hits, 0 errors, 2 left on base; Augusta 0 - Sioux Falls 0
TOP OF THE 2ND
Augusta Timber Hawks batting - Pitching for Sioux Falls Red Pandas : RHP Juan Montoya
Batting: LHB Damian Delaney 0-0: Foul Ball, location: 2F
0-1: Swinging Strike
0-2: Strikes out swinging
Batting: RHB David Gómez 0-0: Ball
1-0: Ball
2-0: Ground out 5-3 (Groundball, 56S)
Batting: LHB Dan O'Day 0-0: Called Strike
0-1: Foul Ball, location: 2F
0-2: Fly out, F7 (Flyball, 7S)
Top of the 2nd over - 0 runs, 0 hits, 0 errors, 0 left on base; Augusta 0 - Sioux Falls 0
BOTTOM OF THE 2ND
Sioux Falls Red Pandas batting - Pitching for Augusta Timber Hawks : RHP Georg von Trapp
Batting: RHB Matt Sheppard 0-0: Ball
1-0: Ball
2-0: Foul Ball, location: 2F
2-1: Swinging Strike
2-2: Strikes out looking
Batting: RHB Pancho Salaedo 0-0: Called Strike
0-1: Ball
1-1: Fly out, F7 (Flyball, 7LS)
Batting: RHB Willis Kirkendall 0-0: Ball
1-0: SINGLE (Groundball, 34D)
Batting: RHB Steve Dunn 0-0: Called Strike
0-1: Swinging Strike
0-2: Foul Ball, location: 2F
0-2: Fly out, F8 (Flyball, 8RXD)
Bottom of the 2nd over - 0 runs, 1 hit, 0 errors, 1 left on base; Augusta 0 - Sioux Falls 0
TOP OF THE 3RD
Augusta Timber Hawks batting - Pitching for Sioux Falls Red Pandas : RHP Juan Montoya
Batting: SHB Eduardo Pampin 0-0: Ball
1-0: Ground out 4-3 (Groundball, 4)
Batting: RHB Jorge López 0-0: Ball
1-0: Fly out, F8 (Flyball, 8LD)
Batting: SHB Francisco Enríquez 0-0: Ball
1-0: SINGLE (Groundball, 3D)
Batting: RHB Kenny Fleming 0-0: Ball
1-0: Swinging Strike
1-1: Foul Ball, location: 2F
1-2: Strikes out swinging
Top of the 3rd over - 0 runs, 1 hit, 0 errors, 1 left on base; Augusta 0 - Sioux Falls 0
BOTTOM OF THE 3RD
Sioux Falls Red Pandas batting - Pitching for Augusta Timber Hawks : RHP Georg von Trapp
Batting: LHB José Ortega 0-0: SINGLE (Groundball, 3) (infield hit)
Batting: RHB José Cruz 0-0: Called Strike
José Ortega steals 2nd base
0-1: Foul Ball, location: 2F
0-2: Ball
1-2: Strikes out swinging
Batting: LHB Fa-tang Wang 0-0: Ball
1-0: Ball
2-0: Called Strike
2-1: Swinging Strike
2-2: Foul Ball, location: 2F
2-2: Foul Ball, location: 2F
2-2: Strikes out swinging
Batting: LHB Magali Lenidas 0-0: Ball
1-0: Called Strike
1-1: Ball
2-1: Ground out 4-3 (Groundball, 4)
Bottom of the 3rd over - 0 runs, 1 hit, 0 errors, 1 left on base; Augusta 0 - Sioux Falls 0
TOP OF THE 4TH
Augusta Timber Hawks batting - Pitching for Sioux Falls Red Pandas : RHP Juan Montoya
Batting: SHB Adrián Zamudio 0-0: Ground out 4-3 (Groundball, 34D)
Batting: LHB Juan Gabriel 0-0: Called Strike
0-1: Ball
1-1: Foul Ball, location: 2F
1-2: Foul Ball, location: 2F
1-2: Ball
2-2: Foul Ball, location: 2F
2-2: Ball
3-2: Fly out, F8 (Line Drive, 8LM)
Batting: LHB Damian Delaney 0-0: Foul Ball, location: 2F
0-1: Ground out 6-3 (Groundball, 6S)
Top of the 4th over - 0 runs, 0 hits, 0 errors, 0 left on base; Augusta 0 - Sioux Falls 0
BOTTOM OF THE 4TH
Sioux Falls Red Pandas batting - Pitching for Augusta Timber Hawks : RHP Georg von Trapp
Batting: LHB John Brewer 0-0: Called Strike
0-1: Ball
1-1: Ball
2-1: Foul Ball, location: 2F
2-2: Foul Ball, location: 2F
2-2: Ball
3-2: Base on Balls
Batting: RHB Matt Sheppard 0-0: Called Strike
0-1: Ball
1-1: Ball
2-1: Grounds into double play, 4-6-3 (Groundball, 4)
Batting: RHB Pancho Salaedo 0-0: Ball
1-0: Ball
2-0: Called Strike
2-1: Swinging Strike
2-2: Ball
3-2: Strikes out swinging
Bottom of the 4th over - 0 runs, 0 hits, 0 errors, 0 left on base; Augusta 0 - Sioux Falls 0
TOP OF THE 5TH
Augusta Timber Hawks batting - Pitching for Sioux Falls Red Pandas : RHP Juan Montoya
Batting: RHB David Gómez 0-0: Called Strike
0-1: SINGLE (Line Drive, 8RS)
Batting: LHB Dan O'Day 0-0: Ball
1-0: Ground out 4-3 (Groundball, 34)
David Gómez to second
Batting: SHB Eduardo Pampin 0-0: Called Strike
David Gómez steals 3rd base
0-1: Ball
1-1: Fly out, F7 (Line Drive, 7)
Runner from 3rd tags up, SCORES, no throw
Batting: RHB Jorge López 0-0: Called Strike
0-1: Called Strike
0-2: Ground out 6-3 (Groundball, 6)
Top of the 5th over - 1 run, 1 hit, 0 errors, 0 left on base; Augusta 1 - Sioux Falls 0
BOTTOM OF THE 5TH
Sioux Falls Red Pandas batting - Pitching for Augusta Timber Hawks : RHP Georg von Trapp
Batting: RHB Willis Kirkendall 0-0: Ball
1-0: Fly out, F2 (Popup, 3SF)
Batting: RHB Steve Dunn 0-0: Ball
1-0: Ball
2-0: Called Strike
2-1: Swinging Strike
2-2: Ball
3-2: Ground out 6-3 (Groundball, 6)
Batting: LHB José Ortega 0-0: Ball
1-0: Foul Ball, location: 2F
1-1: Foul Ball, location: 2F
1-2: Ball
2-2: Strikes out swinging
Bottom of the 5th over - 0 runs, 0 hits, 0 errors, 0 left on base; Augusta 1 - Sioux Falls 0
TOP OF THE 6TH
Augusta Timber Hawks batting - Pitching for Sioux Falls Red Pandas : RHP Juan Montoya
Batting: SHB Francisco Enríquez 0-0: Called Strike
0-1: Ground out U3 (Groundball, 3)
Batting: RHB Kenny Fleming 0-0: Fly out, F7 (Flyball, 78S)
Batting: SHB Adrián Zamudio 0-0: Ball
1-0: Ball
2-0: Foul Ball, location: 2F
2-1: Called Strike
2-2: Ball
3-2: Base on Balls
Batting: LHB Juan Gabriel 0-0: Ball
1-0: Ball
2-0: Called Strike
2-1: Ball
3-1: Ground out 4-3 (Groundball, 4)
Top of the 6th over - 0 runs, 0 hits, 0 errors, 1 left on base; Augusta 1 - Sioux Falls 0
BOTTOM OF THE 6TH
Sioux Falls Red Pandas batting - Pitching for Augusta Timber Hawks : RHP Georg von Trapp
Batting: RHB José Cruz 0-0: Ball
1-0: Foul Ball, location: 2F
1-1: Called Strike
1-2: Foul Ball, location: 2F
1-2: Ball
2-2: Ball
3-2: Foul Ball, location: 2F
3-2: Foul Ball, location: 2F
3-2: Foul Ball, location: 2F
3-2: Foul Ball, location: 2F
3-2: Strikes out looking
Pitching: RHP Cornelius Bigelow
Batting: LHB Fa-tang Wang 0-0: Called Strike
0-1: Ball
1-1: Ball
2-1: Ball
3-1: Foul Ball, location: 2F
3-2: Strikes out swinging
Batting: LHB Magali Lenidas 0-0: Foul Ball, location: 2F
0-1: Swinging Strike
0-2: Foul Ball, location: 2F
0-2: Ball
1-2: Foul Ball, location: 2F
1-2: Ball
2-2: Ball
3-2: SINGLE (Groundball, 34D)
Batting: LHB John Brewer 0-0: Called Strike
0-1: Ball
1-1: Foul Ball, location: 2F
1-2: Ball
2-2: Fly out, F3 (Popup, 3F)
Bottom of the 6th over - 0 runs, 1 hit, 0 errors, 1 left on base; Augusta 1 - Sioux Falls 0
TOP OF THE 7TH
Augusta Timber Hawks batting - Pitching for Sioux Falls Red Pandas : RHP Juan Montoya
Batting: LHB Damian Delaney 0-0: Called Strike
0-1: Ball
1-1: Ball
2-1: Fly out, F7 (Flyball, 78M)
Batting: RHB David Gómez 0-0: Fly out, F8 (Flyball, 78XD)
Batting: LHB Dan O'Day 0-0: Ball
1-0: Ball
2-0: Ball
3-0: Called Strike
3-1: Foul Ball, location: 2F
3-2: Fly out, F7 (Flyball, 7LM)
Top of the 7th over - 0 runs, 0 hits, 0 errors, 0 left on base; Augusta 1 - Sioux Falls 0
BOTTOM OF THE 7TH
Sioux Falls Red Pandas batting - Pitching for Augusta Timber Hawks : RHP Cornelius Bigelow
Batting: RHB Matt Sheppard 0-0: Ball
1-0: Foul Ball, location: 2F
1-1: SINGLE (Line Drive, 5L)
Batting: RHB Pancho Salaedo 0-0: Ball
1-0: Fly out, F8 (Line Drive, 8RD)
Batting: RHB Willis Kirkendall 0-0: Ball
1-0: Ball
2-0: Foul Ball, location: 2F
2-1: Ball
3-1: Base on Balls
Matt Sheppard to second
Batting: RHB Steve Dunn 0-0: Foul Ball, location: 2F
0-1: Foul Ball, location: 2F
0-2: Ball
1-2: Strikes out swinging
Batting: LHB José Ortega 0-0: Ball
1-0: Called Strike
1-1: Foul Ball, location: 2F
1-2: Fielders Choice at 2nd, 5-4 (Groundball, 56)
Bottom of the 7th over - 0 runs, 1 hit, 0 errors, 2 left on base; Augusta 1 - Sioux Falls 0
TOP OF THE 8TH
Augusta Timber Hawks batting - Pitching for Sioux Falls Red Pandas : RHP Juan Montoya
Pitching: RHP Greg Rook
Batting: SHB Eduardo Pampin 0-0: Ball
1-0: Called Strike
1-1: SOLO HOME RUN (Flyball, 9LD), Distance : 355 ft
Batting: RHB Jorge López 0-0: Ball
1-0: Foul Ball, location: 2F
1-1: Called Strike
1-2: Ball
2-2: Foul Ball, location: 2F
2-2: Fly out, F8 (Flyball, 8RS)
Batting: SHB Francisco Enríquez 0-0: Called Strike
0-1: Foul Ball, location: 2F
0-2: Ball
1-2: Fly out, F6 (Line Drive, 6M)
Batting: RHB Kenny Fleming 0-0: Called Strike
0-1: Swinging Strike
0-2: Strikes out looking
Top of the 8th over - 1 run, 1 hit, 0 errors, 0 left on base; Augusta 2 - Sioux Falls 0
BOTTOM OF THE 8TH
Sioux Falls Red Pandas batting - Pitching for Augusta Timber Hawks : RHP Cornelius Bigelow
Batting: RHB José Cruz 0-0: Foul Ball, location: 2F
0-1: Ground out 5-3 (Groundball, 5)
Batting: LHB Fa-tang Wang 0-0: Fly out, F8 (Line Drive, 8RM)
Batting: LHB Magali Lenidas 0-0: Foul Ball, location: 2F
0-1: Swinging Strike
0-2: Ball
1-2: Ball
2-2: Ball
3-2: Foul Ball, location: 2F
3-2: Base on Balls
Batting: LHB John Brewer 0-0: Called Strike
0-1: Ball
1-1: Called Strike
1-2: Ball
2-2: Ground out 4-3 (Groundball, 4)
Bottom of the 8th over - 0 runs, 0 hits, 0 errors, 1 left on base; Augusta 2 - Sioux Falls 0
TOP OF THE 9TH
Augusta Timber Hawks batting - Pitching for Sioux Falls Red Pandas : RHP Greg Rook
Batting: SHB Adrián Zamudio 0-0: Ball
1-0: Foul Ball, location: 2F
1-1: Ball
2-1: Foul Ball, location: 2F
2-2: Foul Ball, location: 2F
2-2: Strikes out swinging
Batting: LHB Juan Gabriel 0-0: Called Strike
0-1: Called Strike
0-2: Strikes out swinging
Batting: LHB Damian Delaney 0-0: SINGLE (Groundball, 4MD)
Batting: RHB David Gómez 0-0: Ball
1-0: Ball
2-0: Called Strike
2-1: Fielders Choice at 2nd, 6-4 (Groundball, 6)
Top of the 9th over - 0 runs, 1 hit, 0 errors, 1 left on base; Augusta 2 - Sioux Falls 0
BOTTOM OF THE 9TH
Sioux Falls Red Pandas batting - Pitching for Augusta Timber Hawks : RHP Cornelius Bigelow
Pitching: RHP Rodrigo Rangel
Batting: RHB Matt Sheppard 0-0: Ball
1-0: Foul Ball, location: 2F
1-1: Swinging Strike
1-2: Foul Ball, location: 2F
1-2: Foul Ball, location: 2F
1-2: Foul Ball, location: 2F
1-2: Ball
2-2: Foul Ball, location: 2F
2-2: Foul Ball, location: 2F
2-2: Ball
3-2: Foul Ball, location: 2F
3-2: Base on Balls
Batting: RHB Pancho Salaedo 0-0: Ball
1-0: Ground out 5-3 (Groundball, 56S)
Matt Sheppard to second
Pinch Hitting: LHB Augustus Driscoll 0-0: Ball
1-0: Foul Ball, location: 2F
1-1: Fly out, F9 (Flyball, 9)
Batting: RHB Steve Dunn 0-0: Swinging Strike
0-1: Swinging Strike
0-2: Foul Ball, location: 2F
0-2: Foul Ball, location: 2F
0-2: Fly out, F7 (Line Drive, 7)
Bottom of the 9th over - 0 runs, 0 hits, 0 errors, 1 left on base; Augusta 2 - Sioux Falls 0
Tuesday, December 19th, 2017 - OOTP Baseball 18.8 Build 76